 Dungeon Crawl Stone Soup version 0.31-a0-523-g071a6c1ffa (webtiles) character file.

Game seed: 13408349419911159587

4230 mopl the Grappler (level 10, -1/72 HPs)
             Began as a Djinni Shapeshifter on Aug 11, 2023.
             Was an Elder of Uskayaw.
             Slain by a seven-headed hydra (5 damage)
             ... on level 8 of the Dungeon.
             The game lasted 00:10:41 (6102 turns).

mopl the Grappler (Djinni Shapeshifter)             Turns: 6102, Time: 00:10:42

Health: -1/72      AC:  5    Str: 18    XL:     10   Next: 55%
Gold:   225        EV: 12    Int:  9    God:    Uskayaw [****..] SH:  0 Dex: 15

rFire   + +          .
                       - Unarmed
rCold   x . .        (no shield)
rNeg    . . .        s - +0 ring mail "Cacvacs" {Slay+6}
rPois   ∞            I - melded +1 helmet
rElec   .            (cloak currently unavailable)
rCorr   +            (gloves currently unavailable)
SInv    .            (boots unavailable)
Will    +....        t - amulet of the acrobat
Stlth   +            F - ring of resist corrosion
HPRegen 0.32/turn    L - ring of wizardry
MPRegen 0.00/turn

%: acrobat, wizardry (x1), infuse magic (-2 HP)
@: mighty, beast-form, flying
A: beast (slay +4), flying, sickness immunity, fire resistance 2, cold
vulnerability 1, float, innate caster, HP casting, extra vitality 1
a: Begin Untransformation, Renounce Religion, Stomp, Line Pass


You were on level 8 of the Dungeon.
You worshipped Uskayaw.
Uskayaw was noncommittal.
You were a hulking beast.
You visited 2 branches of the dungeon, and saw 9 of its levels.

You collected 411 gold pieces.
You spent 186 gold pieces at shops.

Inventory:

Hand Weapons
 i - a +2 dagger of venom
Missiles
 n - 5 atropa-tipped darts
 x - 2 curare-tipped darts
Armour
 s - the +0 ring mail "Cacvacs" (worn) {Slay+6}
   (You found it on level 2 of the Dungeon)

   Slay+6:    It affects your accuracy & damage with ranged weapons and melee
   (+6).
 y - the +1 ring mail "Moeptid" {Harm rC+}
   (You found it on level 4 of the Dungeon)

   rC+:       It protects you from cold.
   Harm:      It increases damage dealt and taken.
 C - +0 pearl dragon scales
 D - the +5 chain mail "Cubo" {Will+}
   (You found it on level 5 of the Dungeon)

   Will+:     It increases your willpower.
 I - a +1 helmet (melded)
Jewellery
 t - an amulet of the acrobat (around neck)
 F - a ring of resist corrosion (left hand)
 L - a ring of wizardry (right hand)
Talismans
 c - a beast talisman (active)
 d - a flux talisman
 q - a maw talisman
Wands
 a - a wand of digging (4)
 b - a wand of light (9)
 r - a wand of flame (19)
 z - a wand of iceblast (5)
Scrolls
 e - a scroll of teleportation {unknown}
 f - a scroll of enchant weapon {unknown}
 g - a scroll of enchant armour {unknown}
 h - a scroll of identify
 m - 3 scrolls of immolation {unknown}
 o - 3 scrolls of poison {unknown}
 p - 2 scrolls of blinking {unknown}
 v - a scroll of fog {unknown}
 w - a scroll of brand weapon {unknown}
 E - a scroll of vulnerability {unknown}
 G - a scroll of noise {unknown}
 H - a scroll of fear {unknown}
 K - a scroll of revelation {unknown}
Potions
 j - 4 potions of curing {unknown}
 k - a potion of enlightenment
 l - a potion of berserk rage {!q}
 u - 2 potions of might
 A - a potion of mutation {!q}
 B - 2 potions of haste


   Skills:
 + Level 6.0 Fighting
 + Level 2.2 Armour
 + Level 3.5 Dodging
 * Level 9.1 Unarmed Combat
 + Level 4.2 Invocations
 * Level 7.1 Shapeshifting


You knew the following spells:

 Your Spells              Type           Power      Damage    Failure   Level
a - Necrotise             Necr           0%         1d4       26%         1
b - Poisonous Vapours     Pois/Air       0%         N/A       38%         2
c - Vampiric Draining     Necr           0%         2d6       61%         3
d - Airstrike             Air            0%         2d(0-16)  93%         4
Your spell library was empty.

Dungeon Overview and Level Annotations

Branches:
Dungeon (8/15)             Temple (1/1) D:5
   Lair: D:8-11

Altars:
Ashenzari
Cheibriados
Dithmenos
Elyvilon
Fedhas
Gozag
Hepliaklqana
Makhleb
Nemelex Xobeh
Qazlal
Trog
Uskayaw
Xom
Zin

Shops:
D:5 *

Annotations:
D:5 3 runed translucent doors, DEFE's ghost, novice DESh


Innate Abilities, Weirdness & Mutations

You are a hulking beast.
Your limbs bulge with bestial killing power. (Slay +4)
You are flying.
You are immune to sickness and miasma.
You are immune to poison.
Your flesh is very heat resistant. (rF++)
You are vulnerable to cold. (rC-)
You float through the air rather than walking.
You learn spells naturally, not from books.
Your magical power is your life essence.
You have superior vitality. (+4 MHP)


Message History

The helpless centaur warrior fails to defend itself.
You pummel the centaur warrior!!
The centaur warrior is severely wounded.
The cyclops is no longer paralysed.
The gnoll sergeant is no longer paralysed.
The centaur warrior is no longer paralysed.
The centaur warrior unwields a +0 orcbow.
The centaur warrior hits you!
* * * LOW HITPOINT WARNING * * *
The centaur warrior kicks you but does no damage.
The gnoll sergeant barely misses you.
Uskayaw will force your foes to share their pain.
Uskayaw links your audience in an emotional bond!
You pummel the centaur warrior!!
You kill the gnoll sergeant!
You kill the cyclops!
You kill the centaur warrior!
Your Fighting skill increases to level 6!
Your Armour skill increases to level 2!
Your Dodging skill increases to level 3!
Your Unarmed Combat skill increases to level 9!
Your Invocations skill increases to level 4!
Your Shapeshifting skill increases to level 7!
Aiming: Iceblast
Press: ? - help, Shift-Dir - straight line, f - seven-headed hydra
Aim: a seven-headed hydra (heavily wounded, blind, sharing its pain)
The mass of ice explodes!
The iceblast engulfs the seven-headed hydra!
The seven-headed hydra is severely wounded.
Unknown command.
Unknown command.
You barely miss the seven-headed hydra.
The seven-headed hydra is heavily wounded.
The seven-headed hydra is no longer blind.
The seven-headed hydra bites you!
* * * LOW HITPOINT WARNING * * *
The seven-headed hydra bites you!
* * * LOW HITPOINT WARNING * * *
The seven-headed hydra barely misses you.
The seven-headed hydra bites you.
You die...

# #.# #.##'#########'##
# #.# #.#..#.......#†.#
# #.# #.#..#.⌠...⌠.#..#
# #(###.#..#....⌠..#..#
# #.....##.'...⌠.).'.##
#############..⌠....###
............#.⌠...⌠.#
###########.#.......#
###########.####h####
#.............##D#
#.#########..##)?. #.#
#.##.().. #.#
###....... #.#
(........ #.#
....?$?.... #.#
....)$#[..... #.#


You could see a seven-headed hydra (pain bonded).

Vanquished Creatures
  A centaur warrior (D:8)
  Jeremiah (D:7)
  A cyclops (D:8)
  A troll (D:6)
  A wyvern (D:8)
  A vampire mosquito (D:8)
  Duvessa (D:5)
  2 ice beasts
  A sky beast (D:7)
  3 black bears
  An ogre (D:3)
  3 centaurs
  A phantom (D:5)
  2 kobold brigands (D:8)
  A bullfrog (D:6)
  2 gnoll sergeants (D:8)
  Dowan (D:5)
  A killer bee (D:8)
  2 howler monkeys
  A jelly (D:5)
  2 hounds
  2 orc priests
  Ijyb (D:4)
  Natasha (twice) (D:3)
  Terence (D:3)
  2 sleepcaps
  An iguana (D:4)
  3 orc wizards
  11 gnolls
  10 adders
  4 white imps
  An ufetubus (D:4)
  A worm (D:2)
  3 dart slugs
  8 orcs
  7 ball pythons
  7 bats
  6 endoplasms
  4 giant cockroaches
  8 goblins
  9 hobgoblins
  5 jackals
  5 kobolds
  2 quokkas
  A frilled lizard (D:1)
  4 rats
138 creatures vanquished.

Vanquished Creatures (others)
  A wyvern (D:8)
  A hobgoblin (D:4)
2 creatures vanquished.

Grand Total: 140 creatures vanquished

Notes
Turn   | Place    | Note
-------+----------+-------------------------------------------
     0 | D:1      | mopl the Djinni Shapeshifter began the quest for the Orb.
     0 | D:1      | Reached XP level 1. HP: 17/17 MP: 0/0
   116 | D:1      | Reached XP level 2. HP: 11/22 MP: 0/0
   365 | D:1      | Reached skill level 3 in Shapeshifting
   365 | D:1      | Reached XP level 3. HP: 10/27 MP: 0/0
   365 | D:1      | Learned a level 1 spell: Necrotise
   425 | D:1      | Found a faded altar of an unknown god.
  1151 | D:2      | Identified the +0 ring mail "Cacvacs" {Slay+6}
  1361 | D:3      | Reached XP level 4. HP: 32/33 MP: 0/0
  1485 | D:3      | Reached skill level 2 in Fighting
  1485 | D:3      | Reached skill level 4 in Unarmed Combat
  1496 | D:3      | Noticed an ogre
  1704 | D:3      | Killed an ogre
  1705 | D:3      | Reached XP level 5. HP: 13/39 MP: 0/0
  1705 | D:3      | Learned a level 2 spell: Poisonous Vapours
  1840 | D:3      | Reached XP level 6. HP: 45/45 MP: 0/0
  2009 | D:3      | Noticed Natasha
  2013 | D:3      | Killed Natasha
  2166 | D:3      | Noticed Terence
  2172 | D:3      | Killed Terence
  2181 | D:3      | Noticed Natasha
  2190 | D:3      | Killed Natasha
  2191 | D:3      | Reached skill level 4 in Shapeshifting
  2513 | D:4      | Noticed Ijyb
  2520 | D:4      | Reached skill level 5 in Unarmed Combat
  2534 | D:4      | Killed Ijyb
  2537 | D:4      | Reached XP level 7. HP: 34/49 MP: 0/0
  2537 | D:4      | Learned a level 3 spell: Vampiric Draining
  2545 | D:4      | Reached skill level 3 in Fighting
  3053 | D:4      | Identified the +1 ring mail "Moeptid" {Harm rC+}
  3129 | D:5      | Entered Level 5 of the Dungeon
  3201 | D:5      | Reached skill level 6 in Unarmed Combat
  3201 | D:5      | Reached XP level 8. HP: 35/58 MP: 0/0
  3327 | D:5      | Reached skill level 5 in Shapeshifting
  3381 | D:5      | Found a runed translucent gate.
  3381 | D:5      | Found a runed translucent gate.
  3383 | D:5      | Found a runed translucent gate.
  3383 | D:5      | Found an opulent altar of Gozag.
  3385 | D:5      | Noticed DEFE's ghost (novice DESh)
  3392 | D:5      | Found a staircase to the Ecumenical Temple.
  3438 | Temple   | Entered the Ecumenical Temple
  3442 | Temple   | Became a worshipper of Uskayaw the Reveller
  3546 | D:5      | Reached * piety under Uskayaw
  3626 | D:5      | Noticed Duvessa
  3626 | D:5      | Noticed Dowan
  3630 | D:5      | Reached ** piety under Uskayaw
  3632 | D:5      | Killed Duvessa
  3633 | D:5      | Reached skill level 4 in Fighting
  3634 | D:5      | Reached *** piety under Uskayaw
  3635 | D:5      | Killed Dowan
  3827 | D:5      | Reached skill level 1 in Invocations
  3862 | D:5      | Identified the +5 chain mail "Cubo" {Will+}
  3885 | D:5      | Found Neunwolupa's Assorted Antiques.
  3894 | D:5      | Bought a murky white potion for 24 gold pieces
  3894 | D:5      | Bought a scroll labelled DAPHAROFFI for 27 gold pieces
  3894 | D:5      | Bought a tourmaline ring for 135 gold pieces
  4188 | D:6      | Noticed a troll
  4206 | D:6      | Killed a troll
  4207 | D:6      | Reached skill level 7 in Unarmed Combat
  4207 | D:6      | Reached skill level 2 in Invocations
  4207 | D:6      | Reached XP level 9. HP: 14/63 MP: 0/0
  4207 | D:6      | Learned a level 4 spell: Airstrike
  4209 | D:6      | Reached **** piety under Uskayaw
  4630 | D:6      | Found the +18 Lear's hauberk
  4734 | D:6      | Reached skill level 6 in Shapeshifting
  4847 | D:7      | Reached skill level 5 in Fighting
  5242 | D:7      | Noticed Jeremiah
  5325 | D:7      | Killed Jeremiah
  5326 | D:7      | Reached skill level 8 in Unarmed Combat
  5326 | D:7      | Reached skill level 3 in Invocations
  5642 | D:7      | Found a broken altar of Ashenzari.
  5901 | D:8      | Reached XP level 10. HP: 70/70 MP: 0/0
  5915 | D:8      | Reached skill level 1 in Armour
  6089 | D:8      | Noticed a cyclops
  6089 | D:8      | Noticed a seven-headed hydra
  6091 | D:8      | Noticed a centaur warrior
  6100 | D:8      | Killed a cyclops
  6100 | D:8      | Killed a centaur warrior
  6101 | D:8      | Reached skill level 6 in Fighting
  6101 | D:8      | Reached skill level 2 in Armour
  6101 | D:8      | Reached skill level 3 in Dodging
  6101 | D:8      | Reached skill level 9 in Unarmed Combat
  6101 | D:8      | Reached skill level 4 in Invocations
  6101 | D:8      | Reached skill level 7 in Shapeshifting
  6102 | D:8      | Slain by a seven-headed hydra

Illustrated notes

Levels and vault maps discovered:
D:1:      psy_arrival_whirlpool, layout_basic,
          hellmonk_ecumenical_altar_arch_garden, hangedman_abyss_or_decor_stabs
D:2:      layout_loops_cross, chequers_garden
D:3:      layout_basic, uniq_natasha, uniq_terence
D:4:      layout_basic, grunt_tough_drop, uniq_ijyb
D:5:      layout_loops_cross, minmay_temple_entry_offerings,
          ebering_ghost_gozag, serial_shops, nicolae_shop_just_a_little_nook,
          uniq_duvessa
D:6:      black_bear_nest_2, layout_rooms, hellmonk_guarded_unrand_lears
D:7:      layout_loops_cross, mainiacjoe_overflow_24_doors, uniq_jeremiah
D:8:      minmay_chambers_of_sevens, layout_basic,
          grunt_temple_overflow_cloverleaf, gammafunk_temple_overflow_wave,
          serial_shops, nicolae_shop_gibbet_a_chance
Temple:   hellmonk_temple_two_chambers

Skill      XL: |  1  2  3  4  5  6  7  8  9 10 |
---------------+-------------------------------+-----
Shapeshifting  | 3 4 5 6 7 |  7.1
Fighting       | 2 3 4 5 6 |  6.0
Unarmed Combat | 4 5 6 7 8 9 |  9.1
Invocations    | 2 3 4 |  4.2
Armour         | 2 |  2.2
Dodging        | 3 |  3.5

Action                     |  1- 3 |  4- 6 |  7- 9 | 10-12 || total
---------------------------+-------+-------+-------+-------++-------
  Melee: Unarmed           |    56 |     6 |   166 |    19 ||   247
         Dagger            |    37 |    66 |       |       ||   103
         Punch             |       |     1 |     6 |     3 ||    10
Ability: Begin Untransform |       |       |     2 |       ||     2
  Evoke: Wand              |       |       |     1 |     3 ||     4
    Use: Potion            |       |     2 |       |     1 ||     3
         Scroll            |       |       |     6 |       ||     6
   Stab: Sleeping          |     1 |       |       |       ||     1
         Paralysed         |       |       |     4 |     2 ||     6
         Invisible         |       |       |     2 |       ||     2
 Armour: Animal skin       |    21 |       |       |       ||    21
         Ring mail         |     2 |    14 |    19 |     3 ||    38
         Skin              |       |     5 |    16 |       ||    21
  Dodge: Dodged            |    44 |    40 |    94 |     6 ||   184
   Form: Flux              |     1 |       |       |       ||     1
         Beast             |     1 |       |     2 |       ||     3
         Maw               |       |       |     1 |       ||     1

Table legend: (Time is in decaauts)
 A = Elapsed time spent in this place.
 B = Non-inter-level travel time spent in this place.
 C = Inter-level travel time spent in this place.
 D = Time resting spent in this place.
 E = Time spent auto-exploring this place.
 F = Levels seen in this place.
 G = Mean time per level.
                   A        B        C        D        E       F      G
               +--------+--------+--------+--------+--------+-----+--------+
         Total |   6074 |   5840 |    234 |   1273 |   3529 |   9 |  674.9 |
       Dungeon |   6065 |   5835 |    230 |   1273 |   3529 |   8 |  758.1 |
        Temple |      8 |      4 |      4 |      0 |      0 |   1 |    8.0 |
               +--------+--------+--------+--------+--------+-----+--------+

Top non-repeatable levels by time:
     D:7: 959 daAuts
     D:3: 934 daAuts
     D:5: 895 daAuts
     D:2: 808 daAuts
     D:6: 768 daAuts
     D:1: 707 daAuts
     D:4: 669 daAuts
     D:8: 321 daAuts
  Temple: 8 daAuts
